 Dungeon Crawl Stone Soup version 0.20.0-7-g3b7b877 (webtiles) character file.

126 Rim the Poker (level 5, -12/33 HPs)
             Began as an Octopode Fighter on May 29, 2017.
             Was an Initiate of Hepliaklqana.
             Mangled by a two-headed ogre
             ... wielding a +0 giant spiked club
              (19 damage)
             ... on level 8 of the Dungeon.
             The game lasted 00:08:27 (3262 turns).

Rim the Poker (Octopode Fighter)                    Turns: 3262, Time: 00:08:29

Health: -12/33     AC:  1    Str: 15    XL:     5   Next: 10%
Magic:  5/5        EV: 12    Int: 10    God:    Hepliaklqana [......]
Gold:   145        SH:  8    Dex: 13    Spells: 4/4 levels left

rFire    . . .     SeeInvis .   a - +0 trident
rCold    . . .     Gourm    .   b - +0 shield
rNeg     . . .     Faith    .   (helmet restricted)
rPois    .         Spirit   .   (no amulet)
rElec    .         Reflect  .   (no ring)
rCorr    .         Harm     .   (no ring)
MR       .....                  (no ring)
Stlth    ++........             (no ring)
Regen    0.2/turn               (no ring)
MPRegen  0.1/turn               (no ring)
                                (no ring)
                                (no ring)

@: no status effects
A: almost no armour, stealthy swim, amphibious, 8 rings, constrict 8, reduced
essence, camouflage 1, gelatinous body 1
a: Recall Ancestor, Ancestor Identity, Renounce Religion


You were on level 8 of the Dungeon.
You worshipped Hepliaklqana.
Hepliaklqana was noncommittal.
You were very hungry.

You visited 2 branches of the dungeon, and saw 8 of its levels.

You collected 145 gold pieces.

Inventory:

Hand Weapons
 a - a +0 trident (weapon)
 n - a +0 hunting sling
 C - a cursed +0 blowgun
Missiles
 v - 44 sling bullets (quivered)
Armour
 b - a +0 shield (worn)
Jewellery
 y - a +3 amulet of reflection {unknown}
Wands
 p - a wand of clouds (4/9)
 B - a wand of flame (29/48)
Scrolls
 g - a scroll of fog {unknown}
 h - 4 scrolls of enchant weapon {unknown}
 i - 5 scrolls of identify {unknown}
 j - a scroll of enchant armour {unknown}
 k - a scroll of random uselessness {unknown}
 o - 2 scrolls of magic mapping {unknown}
 t - 2 scrolls of amnesia {unknown}
 w - 2 scrolls of remove curse {unknown}
Potions
 c - 2 potions of might
 e - a potion of agility {unknown}
 l - a potion of heal wounds {unknown}
 m - a potion of degeneration {unknown}
 r - 4 potions of curing {unknown}
 s - a potion of cancellation {unknown}
 z - a potion of berserk rage {unknown}
 A - a potion of invisibility {unknown}
Comestibles
 d - 5 bread rations
 f - 2 meat rations
 u - a royal jelly
 x - 2 fruits


   Skills:
 + Level 4.1 Fighting
 * Level 4.2 Polearms
 - Level 3.0 Dodging
 - Level 3.0 Shields


You had 4 spell levels left.
You didn't know any spells.

Dungeon Overview and Level Annotations

Branches:
Dungeon (9/15)             Temple (1/1) D:7
   Lair: D:8-11         Orc: D:9-12

Altars:
Ashenzari
Dithmenos
Elyvilon
Gozag
Hepliaklqana
Kikubaaqudgha
Okawaru
Qazlal
Ru
Sif Muna
Trog
Uskayaw
Vehumet
Xom
Yredelemnul
Zin
The Shining One


Innate Abilities, Weirdness & Mutations

You cannot wear most types of armour.
You are very stealthy in the water. (Stealth+)
You are amphibious.
You can wear up to eight rings at the same time.
You can use your tentacles to constrict eight enemies at once.
Your skin changes colour to match your surroundings (Stealth+).
Your rubbery body absorbs attacks. (AC +1, EV +1)
Your life essence is reduced. (-10% HP)


Message History

You block the necrophage's attack.
Bubbles barely misses the necrophage.
The necrophage barely misses you.
Bubbles hits the necrophage.
You block the necrophage's attack.
An adder and a two-headed ogre come into view.
The two-headed ogre shouts in stereo!
A sky beast comes into view.
Found 17 gold pieces.
The two-headed ogre closely misses you. You block the two-headed ogre's attack.
The sky beast flickers out of sight!
Deactivating autopickup; reactivate with Ctrl-A.
A two-headed ogre comes into view. It is wielding two giant clubs.
The two-headed ogre shouts in stereo!
A sky beast appears from thin air!
Reactivating autopickup.
The two-headed ogre hits you with a giant spiked club!!
Ouch! That really hurt!
* * * LOW HITPOINT WARNING * * *
The two-headed ogre hits you with a giant club!!
Ouch! That really hurt!
You die...

#.##########...
#######.# .
#...R...#
#.###########
#......R....#
###########.######
#........#
#....R.O.#
#.....§n@#
#......Y.#
#......O.#
#.......S#
#........#
#.....$..#
........#
........#


You could see the friendly Bubbles the ancestor, 2 two-headed ogres, a sky
beast, a necrophage and an adder.

Vanquished Creatures
  A bullfrog zombie (D:8)
  2 adders (D:3)
  A shadow imp (D:3)
  2 worms (D:3)
  3 dart slugs
  3 leopard geckos
  5 bats
  6 giant cockroaches
  5 goblins
  5 hobgoblins
  4 quokkas
  A frilled lizard (D:1)
  11 kobolds
  5 rats
54 creatures vanquished.

Vanquished Creatures (others)
  2 ancestors (D:9)
2 creatures vanquished.

Grand Total: 56 creatures vanquished

Notes
Turn   | Place    | Note
-------+----------+-------------------------------------------
     0 | D:1      | Rim the Octopode Fighter began the quest for the Orb.
     0 | D:1      | Reached XP level 1. HP: 16/16 MP: 1/1
   293 | D:1      | Reached XP level 2. HP: 21/21 MP: 2/2
   848 | D:2      | Reached XP level 3. HP: 26/26 MP: 3/3
  1754 | D:3      | Found a transporter.
  1829 | D:3      | Found a transporter.
  1841 | D:3      | Reached XP level 4. HP: 27/33 MP: 4/4
  2825 | D:4      | Found a radiant altar of Vehumet.
  2831 | D:4      | You fall through a shaft for 3 floors!
  2842 | D:7      | Found a staircase to the Ecumenical Temple.
  2851 | Temple   | Entered the Ecumenical Temple
  2856 | Temple   | Became a worshipper of Hepliaklqana the Forgotten
  2933 | D:7      | You fall through a shaft for 2 floors!
  2952 | D:9      | Noticed a two-headed ogre
  3010 | D:9      | Found an iron altar of Okawaru.
  3021 | D:9      | Noticed a hippogriff
  3141 | D:8      | Reached XP level 5. HP: 33/33 MP: 5/5
  3142 | D:8      | Noticed an ogre
  3212 | D:8      | Noticed a necrophage
  3255 | D:8      | Noticed a two-headed ogre
  3257 | D:8      | Noticed a sky beast
  3260 | D:8      | Noticed a two-headed ogre
  3262 | D:8      | Mangled by a two-headed ogre

Skill      XL: |  1  2  3  4 |
---------------+-------------+-----
Polearms       | 3 4 |  4.2
Fighting       | 4 |  4.1
Dodging        | |  3.0
Shields        | |  3.0

Action                   |  1- 3 |  4- 6 || total
-------------------------+-------+-------++-------
Melee: Trident           |    62 |    42 ||   104
       Constrict         |    11 |     9 ||    20
       Tentacles         |     5 |     5 ||    10
Invok: Recall Ancestor   |       |     1 ||     1
       Ancestor Identity |       |     1 ||     1
 Stab: Sleeping          |     9 |     3 ||    12
       Distracted        |     1 |       ||     1
  Eat: Chunk             |     2 |     4 ||     6
Armor: Skin              |     3 |     1 ||     4
Dodge: Dodged            |    13 |    10 ||    23
Block: Shield            |    14 |    13 ||    27
